BLB
WINDY CITY BLUES @ PHILADELPHIA FREEDOM
04/09/2060
 
TOP OF THE 1ST
Windy City Blues batting - Pitching for Philadelphia Freedom : RHP Elliot Caldwell
Pitching: RHP Elliot Caldwell
Batting: LHB Rafael Rutkowski 0-0: Fly out, F7 (Line Drive, 7S, EV 98.8 MPH)
Batting: RHB Dulani Cherry 0-0: Foul Ball, location: 2F
0-1: Fly out, F8 (Flyball, 8LM, EV 86.9 MPH)
Batting: RHB Ezekiel Wolfson 0-0: Foul Ball, location: 2F
0-1: Ground out 5-3 (Groundball, 56, EV 105.0 MPH)
Top of the 1st over - 0 runs, 0 hits, 0 errors, 0 left on base; Windy City 0 - Philadelphia 0
BOTTOM OF THE 1ST
Philadelphia Freedom batting - Pitching for Windy City Blues : RHP Richard Kramer
Pitching: RHP Richard Kramer
Batting: RHB Isaiah Thomas 0-0: Foul Ball, location: 2F
0-1: Foul Ball, location: 2F
0-2: Fly out, F9 (Flyball, 9LS, EV 94.4 MPH)
Batting: LHB Elliot Caldwell 0-0: Ball
1-0: Called Strike
1-1: Ball
2-1: Foul Ball, location: 2F
2-2: Ball
3-2: Base on Balls
Batting: LHB Rob Morris 0-0: Called Strike
0-1: Foul Ball, location: 2F
0-2: Ball
1-2: Ball
2-2: Strikes out swinging
Batting: LHB Marlon Johnson 0-0: Called Strike
0-1: Fielders Choice at 2nd, 4-6 (Groundball, 4MD, EV 106.2 MPH)
Bottom of the 1st over - 0 runs, 0 hits, 0 errors, 1 left on base; Windy City 0 - Philadelphia 0
TOP OF THE 2ND
Windy City Blues batting - Pitching for Philadelphia Freedom : RHP Elliot Caldwell
Batting: RHB Ty Dec 0-0: Called Strike
0-1: Called Strike
0-2: Fly out, F8 (Line Drive, 8RD, EV 101.9 MPH)
Batting: SHB Steven Hall 0-0: Swinging Strike
0-1: Swinging Strike
0-2: Ball
1-2: Ball
2-2: SINGLE (Groundball, 4MD, EV 106.9 MPH)
Batting: RHB Brad Castro 0-0: Ball
1-0: Called Strike
1-1: Foul Ball, location: 2F
1-2: Fielders Choice at 2nd, 1-6 (Groundball, 13, EV 71.9 MPH)
Batting: RHB Freddy Mikulski 0-0: Ball
1-0: Ball
2-0: Ball
3-0: Base on Balls
Brad Castro to second
Batting: RHB Adrien Jimenez 0-0: Called Strike
0-1: Fly out, F9 (Flyball, 9, EV 95.0 MPH)
Top of the 2nd over - 0 runs, 1 hit, 0 errors, 2 left on base; Windy City 0 - Philadelphia 0
BOTTOM OF THE 2ND
Philadelphia Freedom batting - Pitching for Windy City Blues : RHP Richard Kramer
Batting: RHB Wellington Wingate 0-0: Fly out, F8 (Line Drive, 8RM, EV 95.6 MPH)
Batting: LHB Sage Emerson 0-0: Ball
1-0: Called Strike
1-1: Ground out U3 (Groundball, 34, EV 95.6 MPH)
Batting: RHB James Lester 0-0: Ball
1-0: Fly out, F7 (Line Drive, 78D, EV 92.5 MPH)
Bottom of the 2nd over - 0 runs, 0 hits, 0 errors, 0 left on base; Windy City 0 - Philadelphia 0
TOP OF THE 3RD
Windy City Blues batting - Pitching for Philadelphia Freedom : RHP Elliot Caldwell
Batting: RHB Jesse Dissen 0-0: Ball
1-0: Fly out, F4 (Popup, 4, EV 64.4 MPH)
Batting: LHB Rafael Rutkowski 0-0: Called Strike
0-1: Ball
1-1: Foul Ball, location: 2F
1-2: Foul Ball, location: 2F
1-2: Ground out 1-3 (Groundball, 15, EV 74.4 MPH)
Batting: RHB Dulani Cherry 0-0: Ball
1-0: Swinging Strike
1-1: Ball
2-1: Ball
3-1: Foul Ball, location: 2F
3-2: Foul Ball, location: 2F
3-2: Foul Ball, location: 2F
3-2: Fly out, F8 (Line Drive, 8LS, EV 95.6 MPH)
Top of the 3rd over - 0 runs, 0 hits, 0 errors, 0 left on base; Windy City 0 - Philadelphia 0
BOTTOM OF THE 3RD
Philadelphia Freedom batting - Pitching for Windy City Blues : RHP Richard Kramer
Batting: RHB Phillip Cox 0-0: Called Strike
0-1: Called Strike
0-2: Ball
1-2: Ball
2-2: Ball
3-2: Strikes out swinging
Batting: RHB Garret Connors 0-0: Foul Ball, location: 2F
0-1: Fly out, F8 (Line Drive, 8RM, EV 99.4 MPH)
Batting: RHB Isaiah Thomas 0-0: Swinging Strike
0-1: Ground out 4-3 (Groundball, 4, EV 86.9 MPH)
Bottom of the 3rd over - 0 runs, 0 hits, 0 errors, 0 left on base; Windy City 0 - Philadelphia 0
TOP OF THE 4TH
Windy City Blues batting - Pitching for Philadelphia Freedom : RHP Elliot Caldwell
Batting: RHB Ezekiel Wolfson 0-0: Called Strike
0-1: Called Strike
0-2: Fly out, F9 (Flyball, 89M, EV 82.5 MPH)
Batting: RHB Ty Dec 0-0: Ball
1-0: Ball
2-0: Called Strike
2-1: Foul Ball, location: 2F
2-2: Ball
3-2: Foul Ball, location: 2F
3-2: Foul Ball, location: 2F
3-2: Ground out U3 (Groundball, 34S, EV 81.9 MPH)
Batting: SHB Steven Hall 0-0: Ball
1-0: Ball
2-0: Foul Ball, location: 2F
2-1: Ground out 5-3 (Groundball, 56, EV 101.9 MPH)
Top of the 4th over - 0 runs, 0 hits, 0 errors, 0 left on base; Windy City 0 - Philadelphia 0
BOTTOM OF THE 4TH
Philadelphia Freedom batting - Pitching for Windy City Blues : RHP Richard Kramer
Batting: LHB Elliot Caldwell 0-0: Ball
1-0: Ground out 4-3 (Groundball, 4, EV 90.6 MPH)
Batting: LHB Rob Morris 0-0: Foul Ball, location: 2F
0-1: Foul Ball, location: 2F
0-2: Ball
1-2: Ground out 4-3 (Groundball, 4S, EV 86.2 MPH)
Batting: LHB Marlon Johnson 0-0: Called Strike
0-1: Swinging Strike
0-2: Foul Ball, location: 2F
0-2: Ball
1-2: SOLO HOME RUN (Flyball, 7LD, EV 98.8 MPH), Distance : 352 ft
Batting: RHB Wellington Wingate 0-0: Swinging Strike
0-1: Called Strike
0-2: Foul Ball, location: 2F
0-2: Ball
1-2: Fly out, F6 (Line Drive, 56, EV 74.4 MPH)
Bottom of the 4th over - 1 run, 1 hit, 0 errors, 0 left on base; Windy City 0 - Philadelphia 1
TOP OF THE 5TH
Windy City Blues batting - Pitching for Philadelphia Freedom : RHP Elliot Caldwell
Batting: RHB Brad Castro 0-0: TRIPLE (Line Drive, 89XD, EV 101.2 MPH)
Batting: RHB Freddy Mikulski 0-0: SINGLE (Groundball, 34D, EV 109.4 MPH)
Brad Castro scores
Batting: RHB Adrien Jimenez 0-0: Ball
1-0: Called Strike
Freddy Mikulski steals 2nd base
1-1: Ball
2-1: SINGLE (Line Drive, 6D, EV 100.6 MPH)
Freddy Mikulski to third
Batting: RHB Jesse Dissen 0-0: Called Strike
0-1: Swinging Strike
0-2: Ball
1-2: Strikes out swinging
Batting: LHB Rafael Rutkowski 0-0: Ball
1-0: Ball
2-0: Ball
3-0: Called Strike
3-1: Swinging Strike
3-2: Foul Ball, location: 2F
3-2: Foul Ball, location: 2F
3-2: Fielders Choice at 2nd, 6-4 (Groundball, 6, EV 104.4 MPH)
Freddy Mikulski scores
Batting: RHB Dulani Cherry 0-0: Ball
1-0: Ball
2-0: Called Strike
2-1: SINGLE (Groundball, 6S, EV 66.2 MPH) (infield hit)
Rafael Rutkowski to second
Batting: RHB Ezekiel Wolfson 0-0: Swinging Strike
0-1: Swinging Strike
0-2: Ball
1-2: DOUBLE (Flyball, 7LD, EV 93.1 MPH)
Rafael Rutkowski scores
Dulani Cherry to third
Batting: RHB Ty Dec 0-0: Ball
1-0: Ball
Wild Pitch!
Dulani Cherry scores
Ezekiel Wolfson to third
2-0: Called Strike
2-1: Swinging Strike
2-2: Ground out 6-3 (Groundball, 6, EV 106.9 MPH)
Top of the 5th over - 4 runs, 5 hits, 0 errors, 1 left on base; Windy City 4 - Philadelphia 1
BOTTOM OF THE 5TH
Philadelphia Freedom batting - Pitching for Windy City Blues : RHP Richard Kramer
Batting: LHB Sage Emerson 0-0: Ball
1-0: Called Strike
1-1: Foul Ball, location: 2F
1-2: Foul Ball, location: 2F
1-2: Foul Ball, location: 2F
1-2: Strikes out swinging
Batting: RHB James Lester 0-0: Fly out, F7 (Flyball, 7S, EV 87.5 MPH)
Batting: RHB Phillip Cox 0-0: Called Strike
0-1: Ball
1-1: Ball
2-1: Ball
3-1: Swinging Strike
3-2: Strikes out swinging
Bottom of the 5th over - 0 runs, 0 hits, 0 errors, 0 left on base; Windy City 4 - Philadelphia 1
TOP OF THE 6TH
Windy City Blues batting - Pitching for Philadelphia Freedom : RHP Elliot Caldwell
Batting: SHB Steven Hall 0-0: Called Strike
0-1: Ball
1-1: Foul Ball, location: 2F
1-2: Foul Ball, location: 2F
1-2: Ground out 4-3 (Groundball, 4, EV 105.0 MPH)
Batting: RHB Brad Castro 0-0: Called Strike
0-1: TRIPLE (Flyball, 89XD, EV 108.8 MPH)
Batting: RHB Freddy Mikulski 0-0: Intentional Walk
Pitching: RHP Turner Hicks
Batting: RHB Adrien Jimenez 0-0: Reached on error, E4 (Groundball, 4, EV 81.9 MPH)
Brad Castro scores
Freddy Mikulski to second
Batting: RHB Jesse Dissen 0-0: Swinging Strike
0-1: Foul Ball, location: 2F
0-2: SINGLE (Flyball, 89S, EV 92.5 MPH)
Freddy Mikulski to third
Adrien Jimenez to second
Batting: LHB Rafael Rutkowski 0-0: Called Strike
0-1: Ball
1-1: Ball
2-1: Foul Ball, location: 2F
2-2: Foul Ball, location: 2F
2-2: Ball
3-2: Grounds into double play, 4-6-3 (Groundball, 4, EV 85.0 MPH)
Top of the 6th over - 1 run, 2 hits, 1 error, 2 left on base; Windy City 5 - Philadelphia 1
BOTTOM OF THE 6TH
Philadelphia Freedom batting - Pitching for Windy City Blues : RHP Richard Kramer
Batting: RHB Garret Connors 0-0: Foul Ball, location: 2F
0-1: Ball
1-1: Ball
2-1: Ball
3-1: Called Strike
3-2: Ground out 5-3 (Groundball, 5S, EV 90.6 MPH)
Batting: RHB Isaiah Thomas 0-0: Foul Ball, location: 2F
0-1: Ball
1-1: Foul Ball, location: 2F
1-2: Ball
2-2: Ball
3-2: TRIPLE (Flyball, 9D, EV 88.8 MPH)
Batting: LHB Elliot Caldwell 0-0: Ball
1-0: Foul Ball, location: 2F
1-1: Ground out U3 (Groundball, 3L, EV 101.9 MPH)
Batting: LHB Rob Morris 0-0: Ball
1-0: Ground out 4-3 (Groundball, 34, EV 108.8 MPH)
Bottom of the 6th over - 0 runs, 1 hit, 0 errors, 1 left on base; Windy City 5 - Philadelphia 1
TOP OF THE 7TH
Windy City Blues batting - Pitching for Philadelphia Freedom : RHP Turner Hicks
Batting: RHB Dulani Cherry 0-0: Called Strike
0-1: Foul Ball, location: 2F
0-2: Strikes out swinging
Batting: RHB Ezekiel Wolfson 0-0: Swinging Strike
0-1: SOLO HOME RUN (Flyball, 7D, EV 101.2 MPH), Distance : 411 ft
Batting: RHB Ty Dec 0-0: Called Strike
0-1: Foul Ball, location: 2F
0-2: Ball
1-2: Fly out, F7 (Line Drive, 78D, EV 104.4 MPH)
Batting: SHB Steven Hall 0-0: Ball
1-0: Ball
2-0: Ball
3-0: Called Strike
3-1: Called Strike
3-2: Strikes out swinging
Top of the 7th over - 1 run, 1 hit, 0 errors, 0 left on base; Windy City 6 - Philadelphia 1
BOTTOM OF THE 7TH
Philadelphia Freedom batting - Pitching for Windy City Blues : RHP Richard Kramer
Batting: LHB Marlon Johnson 0-0: Foul Ball, location: 2F
0-1: Ball
1-1: Ball
2-1: Ball
3-1: Called Strike
3-2: Strikes out looking
Batting: RHB Wellington Wingate 0-0: Ground out 5-3 (Groundball, 56, EV 95.0 MPH)
Batting: LHB Sage Emerson 0-0: Called Strike
0-1: DOUBLE (Line Drive, 89D, EV 112.5 MPH)
Batting: RHB James Lester 0-0: SINGLE (Line Drive, 78S, EV 90.6 MPH)
Sage Emerson to third
Runner from 3rd tries for Home, SAFE, throw by LF to home
Batting: RHB Phillip Cox 0-0: SINGLE (Line Drive, 8LS, EV 92.5 MPH)
James Lester to second
Pitching: RHP R.V. Weatherby
Batting: RHB Garret Connors 0-0: Ball
1-0: Ball
2-0: Called Strike
2-1: Foul Ball, location: 2F
2-2: Strikes out looking
Bottom of the 7th over - 1 run, 3 hits, 0 errors, 2 left on base; Windy City 6 - Philadelphia 2
TOP OF THE 8TH
Windy City Blues batting - Pitching for Philadelphia Freedom : RHP Turner Hicks
Batting: RHB Brad Castro 0-0: Called Strike
0-1: Ball
1-1: Fly out, F9 (Flyball, 9S, EV 86.9 MPH)
Batting: RHB Freddy Mikulski 0-0: Called Strike
0-1: Ball
1-1: Ball
2-1: Foul Ball, location: 2F
2-2: Foul Ball, location: 2F
2-2: Foul Ball, location: 2F
2-2: Foul Ball, location: 2F
2-2: Strikes out swinging
Batting: RHB Adrien Jimenez 0-0: Fly out, F9 (Flyball, 89M, EV 85.0 MPH)
Top of the 8th over - 0 runs, 0 hits, 0 errors, 0 left on base; Windy City 6 - Philadelphia 2
BOTTOM OF THE 8TH
Philadelphia Freedom batting - Pitching for Windy City Blues : RHP R.V. Weatherby
Batting: RHB Isaiah Thomas 0-0: Ball
1-0: Ground out 5-3 (Groundball, 56S, EV 83.1 MPH)
Batting: LHB Elliot Caldwell 0-0: Swinging Strike
0-1: Foul Ball, location: 2F
0-2: Ball
1-2: Ball
2-2: Fly out, F7 (Flyball, 7, EV 81.9 MPH)
Batting: LHB Rob Morris 0-0: Ball
1-0: Ground out 5-3 (Groundball, 56S, EV 90.0 MPH)
Bottom of the 8th over - 0 runs, 0 hits, 0 errors, 0 left on base; Windy City 6 - Philadelphia 2
TOP OF THE 9TH
Windy City Blues batting - Pitching for Philadelphia Freedom : RHP Turner Hicks
Batting: RHB Jesse Dissen 0-0: Ball
1-0: Foul Ball, location: 2F
1-1: Ball
2-1: Reached on error, E5 (Groundball, 56, EV 85.0 MPH)
Batting: LHB Rafael Rutkowski 0-0: Ball
1-0: Called Strike
1-1: Ball
Jesse Dissen is caught stealing 2nd base 2-6
2-1: SINGLE (Groundball, 5D, EV 106.9 MPH)
Batting: RHB Dulani Cherry 0-0: Ball
1-0: Fly out, F8 (Line Drive, 8LD, EV 93.1 MPH)
Batting: RHB Ezekiel Wolfson 0-0: Foul Ball, location: 2F
0-1: Called Strike
Rafael Rutkowski steals 2nd base
0-2: Ball
1-2: Fly out, F7 (Flyball, 7, EV 71.9 MPH)
Top of the 9th over - 0 runs, 1 hit, 1 error, 1 left on base; Windy City 6 - Philadelphia 2
BOTTOM OF THE 9TH
Philadelphia Freedom batting - Pitching for Windy City Blues : RHP R.V. Weatherby
Batting: LHB Marlon Johnson 0-0: Ball
1-0: Called Strike
1-1: Ball
2-1: Ball
3-1: Called Strike
3-2: Base on Balls
Batting: RHB Wellington Wingate 0-0: Ball
1-0: Called Strike
1-1: Called Strike
1-2: Strikes out swinging
Batting: LHB Sage Emerson 0-0: Ball
1-0: Ball
2-0: Ball
3-0: Base on Balls
Marlon Johnson to second
Batting: RHB James Lester 0-0: Swinging Strike
0-1: Foul Ball, location: 2F
0-2: Ball
1-2: Strikes out looking
Pitching: RHP Grant Randolph
Pinch Hitting: SHB Wes Johnson 0-0: Ball
1-0: Swinging Strike
1-1: Ball
2-1: Ball
3-1: Foul Ball, location: 2F
3-2: Base on Balls
Marlon Johnson to third
Sage Emerson to second
Batting: RHB Garret Connors 0-0: Ball
1-0: Foul Ball, location: 2F
1-1: Ball
2-1: Fielders Choice at 2nd, 6-4 (Groundball, 6, EV 98.1 MPH)
Bottom of the 9th over - 0 runs, 0 hits, 0 errors, 3 left on base; Windy City 6 - Philadelphia 2
Thursday, April 25th , 2024 - OOTP Baseball 23.10 Build 110